Map: Lerilak Crest

Players

Arianity - Winner!

  • Race: Zerg Zerg

Nathanias

  • Race: Terran Terran

VOD

Have the link to the VOD?

Description

Time

  • Played on: April 19, 2015, 6:46 p.m.
  • Length: 21:17
Show
View Real Time Build Order
Export as new Build Order

Arianity Zerg - Winner!

Build Orders: Hatch First, Zergling Mutalisk 

Get SALT Encoding   

  12  0:01  Drone  
  13  0:12  Overlord  
  13  0:16  Drone  
  14  0:30  Drone x2  
  14  0:34  Drone  
  17  0:55  Hatchery  
  16  1:02  Drone x2  
  18  1:13  Spawning Pool  
  18  1:17  Extractor  
  16  1:19  Drone  
  16  1:22  Drone  
  18  1:27  Drone  
  19  1:38  Drone  
  20  2:00  Queen  
  22  2:06  Queen  
  22  2:07  Drone  
  22  2:08  Drone x2  
  27  2:11  Overlord  
  27  2:23  Metabolic Boost  
  27  2:26  Drone  
  27  2:27  Overlord  
  28  2:40  Zergling x6  
  28  2:44  Zergling x2  
  32  2:53  Zergling x2  
  32  2:54  Zergling x2  
  34  3:00  Zergling x2  
  34  3:04  Queen  
  34  3:05  Queen  
  39  3:12  Zergling x2  
  40  3:14  Zergling x2  
  40  3:17  Hatchery  
  40  3:21  Drone x2  
  40  3:22  Drone  
  40  3:25  Overlord  
  43  3:33  Drone  
  44  3:35  Overlord  
  44  3:44  Drone x5  
  44  3:48  Zergling x2  
  50  3:54  Overlord  
  50  3:57  Zergling x6  
  50  4:01  Overlord  
  53  4:07  Overlord  
  53  4:16  Zergling x2  
  53  4:17  Zergling x10  
  58  4:24  Zergling x4  
  58  4:31  Zergling x8  
  60  4:36  Zergling x4  
  62  4:49  Zergling x4  
  64  4:55  Baneling Nest, Zergling x2  
  64  5:01  Zergling x2  
  64  5:03  Lair  
  64  5:04  Drone  
  64  5:05  Queen  
  67  5:08  Drone x4  
  70  5:28  Overlord x2  
  70  5:33  Extractor x2  
  70  5:34  Roach Warren, Drone x3  
  70  5:35  Drone x6  
  76  5:45  Drone x2  
  76  5:46  Drone  
  78  6:04  Drone x5  
  81  6:13  Baneling x6  
  81  6:15  Baneling  
  82  6:25  Drone  
  82  6:26  Drone x10  
  82  6:30  Spore Crawler  
  82  6:31  Spore Crawler  
  82  6:32  Spore Crawler x2  
  88  6:34  Spore Crawler  
  88  6:35  Drone x3, Spore Crawler  
  88  6:38  Extractor  
  67  7:02  Roach x12  
  91  7:10  Extractor  
  91  7:12  Extractor  
  89  7:20  Hatchery  
  88  7:35  Ravager  
  88  7:36  Ravager x4  
  94  7:37  Ravager  
  94  7:41  Drone  
  94  7:42  Drone x2  
  94  7:43  Overlord x3  
  97  7:50  Extractor  
  96  7:52  Extractor  
  96  7:54  Spire  
  96  7:57  Overseer  
  94  8:17  Hatchery, Overlord  
  94  8:18  Overlord  
  93  8:21  Spore Crawler  
  93  8:25  Spore Crawler  
  91  8:30  Drone x10  
  91  8:31  Drone x2  
  100  8:56  Overseer  
  100  8:58  Overseer  
  100  9:04  Drone x6  
  100  9:07  Spore Crawler  
  100  9:08  Spore Crawler x2  
  100  9:09  Mutalisk x8  
  105  9:10  Mutalisk  
  120  9:26  Drone x4  
  121  9:32  Mutalisk  
  121  9:33  Mutalisk x4  
  98  9:50  Mutalisk x5  
  106  9:57  Mutalisk  
  104  10:00  Mutalisk  
  104  10:03  Drone x3  
  104  10:04  Drone x2  
  103  10:08  Mutalisk  
  101  10:19  Queen  
  101  10:20  Queen x2  
  103  10:21  Mutalisk  
  105  10:32  Mutalisk x3  
  105  10:43  Mutalisk x2  
  105  10:48  Hatchery  
  107  11:04  Zergling x16  
  107  11:05  Zergling x2  
  100  11:11  Mutalisk x3  
  100  11:12  Mutalisk  
  105  11:20  Drone x4  
  105  11:24  Zerg Flyer Weapons Level 1  
  109  11:34  Drone x4  
  113  11:43  Drone x4  
  117  11:52  Drone x4  
  121  11:58  Mutalisk x2  
  121  12:00  Drone  
  126  12:03  Drone  
  127  12:16  Drone  
  127  12:17  Drone x5  
  133  12:27  Mutalisk x3  
  139  12:39  Zergling x6  
  139  12:41  Overlord x3  
  142  12:50  Drone  
  134  13:03  Hatchery, Zergling x16  
  141  13:18  Zerg Flyer Armor Level 1  
  141  13:19  Hatchery  
  140  13:20  Mutalisk x3  
  146  13:27  Mutalisk x3  
  146  13:33  Mutalisk x2  
  152  13:43  Mutalisk x3  
  152  13:44  Mutalisk  
  158  13:54  Zergling x16  
  166  13:56  Overlord  
  166  14:07  Overlord  
  166  14:08  Overlord  
  158  14:19  Drone  
  158  14:20  Drone x3  
  162  14:27  Infestation Pit  
  162  14:28  Drone x9  
  162  14:29  Drone x3  
  162  14:30  Drone x3  
  176  14:32  Mutalisk  
  174  14:46  Baneling  
  174  14:47  Baneling x14  
  174  14:48  Drone x5  
  174  14:52  Overseer x2  
  179  14:56  Pneumatized Carapace  
  179  14:59  Drone  
  180  15:00  Drone x5  
  185  15:08  Mutalisk x4  
  190  15:24  Mutalisk  
  190  15:25  Mutalisk x4  
  189  15:29  Zerg Flyer Weapons Level 2  
  185  15:36  Drone x9  
  185  15:38  Spore Crawler, Overlord x2  
  185  15:39  Overlord  
  185  15:40  Spore Crawler  
  183  15:52  Mutalisk x4  
  181  16:02  Hatchery, Mutalisk x4  
  180  16:08  Extractor  
  180  16:09  Drone x3  
  180  16:10  Drone x2  
  180  16:11  Extractor  
  183  16:16  Zergling x14  
  190  16:27  Hive  
  190  16:31  Mutalisk x6  
  196  16:38  Drone  
  196  16:39  Drone x3  
  200  16:40  Overlord x2  
  186  16:50  Mutalisk x6  
  186  16:53  Mutalisk  
  186  16:54  Mutalisk  
  184  16:59  Mutalisk x3  
  182  17:02  Mutalisk  
  171  17:16  Hatchery  
  171  17:17  Mutalisk x2  
  169  17:25  Zergling x22  
  169  17:26  Zergling x4  
  175  17:35  Mutalisk x3  
  175  17:36  Mutalisk  
  175  17:40  Drone x3  
  172  17:47  Zergling x8  
  172  17:50  Zerg Flyer Armor Level 2  
  171  17:52  Drone x2  
  171  17:56  Evolution Chamber, Drone  
  171  18:01  Mutalisk x2  
  162  18:19  Mutalisk x3  
  164  18:23  Drone  
  164  18:24  Drone x13  
  180  18:40  Zergling x24  
  180  18:41  Zergling x2  
  151  18:49  Mutalisk x3  
  151  18:55  Drone x6  
  154  19:02  Mutalisk, Extractor  
  157  19:03  Mutalisk, Extractor  
  160  19:21  Mutalisk x2  
  158  19:31  Drone x9  
  158  19:33  Spine Crawler, Zergling x2  
  158  19:34  Zergling x12  
  158  19:35  Spine Crawler, Extractor  
  158  19:36  Extractor  
  158  19:37  Spine Crawler  
  162  20:02  Extractor  
  162  20:03  Corruptor x3  
  162  20:04  Corruptor  
  169  20:09  Zergling x8  
  169  20:10  Zergling x16  
  180  20:19  Mutalisk x2  
  170  20:22  Hatchery  
  170  20:26  Drone x5  
  170  20:27  Drone x8  
  162  20:40  Zergling x18  
Show
View Real Time Build Order
Export as new Build Order

Nathanias Terran 

Build Orders: 3 CC, Command Center First (CC), Battlecruiser Hellion (iEchoic Build) 

Get SALT Encoding   

  12  0:00  SCV  
  13  0:13  SCV  
  14  0:21  Supply Depot  
  14  0:25  SCV  
  15  0:43  SCV  
  16  0:56  Command Center  
  16  0:59  SCV  
  17  1:11  Barracks  
  17  1:14  SCV  
  18  1:26  SCV  
  19  1:45  Command Center  
  20  1:57  Orbital Command  
  19  2:07  Orbital Command  
  19  2:09  Marine  
  20  2:17  Refinery x2  
  20  2:23  SCV  
  20  2:27  Marine  
  22  2:33  SCV  
  22  2:35  SCV  
  24  2:45  SCV  
  24  2:47  SCV  
  26  2:51  Marine  
  26  2:57  SCV  
  28  2:59  SCV  
  28  3:02  Orbital Command  
  29  3:09  SCV  
  29  3:10  Factory  
  29  3:11  SCV  
  31  3:13  Supply Depot  
  31  3:16  Refinery  
  31  3:18  Refinery, Marine  
  32  3:21  SCV  
  32  3:23  SCV  
  34  3:29  SCV  
  34  3:34  SCV  
  36  3:35  Supply Depot  
  36  3:36  SCV  
  36  3:37  Marine  
  38  3:44  SCV  
  38  3:47  SCV  
  40  3:50  SCV  
  41  3:56  SCV  
  41  4:00  Supply Depot, SCV  
  41  4:02  SCV  
  44  4:07  Bunker  
  44  4:08  SCV  
  45  4:10  Starport  
  45  4:12  SCV  
  45  4:14  SCV  
  45  4:15  Starport  
  44  4:19  Supply Depot, Hellion  
  44  4:20  SCV, Marine  
  40  4:24  Supply Depot  
  40  4:26  SCV  
  40  4:27  SCV  
  39  4:32  SCV  
  39  4:38  SCV  
  39  4:41  Hellion  
  41  4:45  Orbital Command  
  41  4:50  SCV, Orbital Command  
  41  4:52  Starport Tech Lab  
  36  4:54  Starport Tech Lab  
  36  4:55  Barracks Reactor  
  35  5:01  Supply Depot  
  35  5:02  Hellion  
  35  5:03  Supply Depot  
  36  5:12  Banshee x2, Cloaking Field  
  41  5:16  SCV, Fusion Core  
  42  5:22  SCV  
  45  5:28  SCV  
  45  5:29  Supply Depot  
  45  5:35  SCV  
  45  5:41  Orbital Command  
  45  5:43  SCV  
  45  5:47  Hellion x2  
  50  5:51  SCV  
  50  5:55  SCV  
  53  6:07  SCV  
  53  6:09  Hellion x2  
  53  6:11  Battlecruiser  
  63  6:14  SCV x2  
  65  6:19  SCV  
  65  6:21  Refinery  
  65  6:23  Refinery  
  66  6:30  Battlecruiser  
  66  6:31  SCV x2  
  74  6:34  Missile Turret  
  74  6:37  Missile Turret  
  74  6:39  SCV  
  75  6:43  SCV x2  
  72  6:51  SCV  
  72  6:52  Hellion x2  
  69  6:55  SCV x2  
  69  7:03  SCV  
  69  7:07  SCV x2  
  72  7:13  Hellion  
  72  7:14  Hellion  
  72  7:15  SCV  
  77  7:32  Supply Depot  
  77  7:48  Supply Depot  
  77  7:50  Supply Depot  
  77  7:54  SCV x3  
  84  8:00  Supply Depot  
  84  8:02  Refinery  
  84  8:06  SCV x2  
  84  8:08  Battlecruiser  
  84  8:11  Battlecruiser  
  94  8:14  Behemoth Reactor  
  94  8:20  SCV x2  
  94  8:23  SCV, Refinery  
  94  8:26  Hellion  
  99  8:28  Hellion  
  99  8:33  SCV  
  102  8:34  SCV  
  102  8:35  Supply Depot, SCV  
  104  8:43  Armory  
  104  8:45  SCV  
  104  8:47  SCV  
  97  8:55  Hellion x2  
  96  9:02  SCV  
  97  9:03  SCV  
  97  9:06  Bunker  
  98  9:11  Orbital Command  
  98  9:17  Hyperflight Rotors  
  78  9:57  Battlecruiser x2  
  90  10:00  SCV x2  
  92  10:08  Hellion x2  
  92  10:10  SCV  
  92  10:11  Command Center  
  92  10:12  SCV x2  
  93  10:23  SCV  
  93  10:24  SCV  
  89  10:34  Missile Turret  
  83  10:37  SCV, Missile Turret  
  83  10:41  Missile Turret  
  78  10:43  SCV  
  78  10:45  SCV, Missile Turret  
  78  10:47  Missile Turret x2  
  78  10:49  SCV  
  81  10:55  SCV  
  80  10:57  SCV  
  77  11:13  Battlecruiser  
  83  11:21  Battlecruiser  
  83  11:24  Terran Vehicle and Ship Weapons Level 1  
  83  11:29  Missile Turret  
  83  11:42  Hellion, Starport x2  
  83  11:43  Hellion, Refinery  
  83  11:44  Refinery  
  83  11:52  Supply Depot, Missile Turret  
  83  11:53  Supply Depot  
  83  12:01  Orbital Command  
  82  12:08  SCV  
  82  12:11  Refinery  
  83  12:16  Supply Depot, SCV  
  83  12:20  SCV  
  83  12:22  Hellion  
  93  12:23  Battlecruiser, Starport Tech Lab x2  
  93  12:26  SCV  
  93  12:29  SCV x2  
  94  12:32  Starport Tech Lab x2  
  94  12:33  SCV  
  95  12:38  SCV  
  95  12:40  Bunker, Missile Turret  
  95  12:41  SCV  
  95  12:42  Missile Turret  
  97  12:44  Missile Turret  
  97  12:48  Battlecruiser  
  103  12:58  SCV  
  103  13:05  Missile Turret x2  
  104  13:07  Hellion x2  
  104  13:10  SCV, Missile Turret  
  104  13:12  Engineering Bay, Missile Turret  
  109  13:18  Battlecruiser  
  106  13:29  Corvid Reactor  
  106  13:31  Banshee x2  
  112  13:49  Hellion x2  
  112  13:54  Missile Turret  
  116  13:56  Terran Vehicle and Ship Weapons Level 2  
  116  14:00  Missile Turret  
  116  14:03  Command Center  
  115  14:27  Hellion x2, Raven  
  115  14:28  Raven x3  
  127  14:36  Missile Turret  
  127  14:38  Missile Turret  
  118  14:56  Building Armor  
  118  14:58  Missile Turret  
  118  14:59  Missile Turret  
  118  15:08  Supply Depot  
  118  15:14  Raven x2  
  118  15:15  Raven  
  113  15:29  Hellion  
  105  16:07  Raven x2  
  109  16:22  Hellion x2  
  113  16:39  Supply Depot  
  107  16:44  Hellion x2  
  68  17:06  Hellion x2  
  66  17:29  Raven x3  
  64  17:30  Hellion x2  
  70  17:53  Hellion  
  60  18:15  Command Center  
  60  18:24  Missile Turret  
  60  18:26  Missile Turret  
  60  18:28  Missile Turret x2  
  60  18:30  Missile Turret  
  44  18:40  Hellion x2  
  28  18:58  Raven x2  
  32  19:08  Hellion x2  
  34  19:17  Hellion x2  
  32  19:29  Hellion x2  
  30  19:51  Widow Mine x2  
  34  20:08  Marine  
  34  20:15  SCV  
  31  20:25  SCV  
  31  20:26  Marine  
  31  20:28  SCV  
  34  20:35  Hellion x2  
  36  20:37  SCV  
  36  20:40  SCV  
  29  21:01  Missile Turret  
  29  21:03  Missile Turret  
  29  21:04  Missile Turret  
  29  21:05  Missile Turret x2  
  29  21:06  Missile Turret  
Tags
 
Add a new tag
Caveats
  • Supply blocks, unpowered buildings, or Contaminate may cause inaccurate times.
  • Supply counts are checked every 10 seconds.